 Dungeon Crawl Stone Soup version 0.25.1-2-g60ff931df9 (webtiles) character file.

Game seed: 52328490332661412

473 Erymatos the Chopper (level 6, -2/57 HPs)
             Began as a Minotaur Berserker on Nov 12, 2020.
             Was a Believer of Trog.
             Slain by a fire bat (9 damage)
             ... on level 4 of the Dungeon.
             The game lasted 00:04:19 (4217 turns).

Erymatos the Chopper (Minotaur Berserker)           Turns: 4217, Time: 00:04:19

Health: -2/57      AC:  0    Str: 23    XL:     6   Next: 83%
Magic:  5/5        EV: 13    Int:  4    God:    Trog [**....]
Gold:   147        SH:  0    Dex: 10    Spells: 5/5 levels left

rFire    . . .     SeeInvis .   a - +0 hand axe
rCold    . . .     Gourm    .   (no shield)
rNeg     . . .     Faith    .   (no armour)
rPois    .         Spirit   .   (helmet restricted)
rElec    .         Reflect  .   (no cloak)
rCorr    .         Harm     .   (no gloves)
MR       .....                  (no boots)
Stlth    +.........             (no amulet)
HPRegen  0.19/turn              (no ring)
MPRegen  0.09/turn              (no ring)

@: starving
A: retaliatory headbutt, horns 2
a: Berserk, Trog's Hand, Renounce Religion


You were on level 4 of the Dungeon.
You worshipped Trog.
Trog was pleased with you.
You were starving.

You visited 2 branches of the dungeon, and saw 5 of its levels.

You collected 147 gold pieces.

Inventory:

Hand Weapons
 a - a +0 hand axe (weapon)
Armour
 b - a +0 animal skin
Wands
 d - a wand of random effects (26)
Scrolls
 e - a scroll of magic mapping {unknown}
 i - a scroll of random uselessness {unknown}
 j - a scroll of identify {unknown}
 l - a scroll of amnesia {unknown}
Potions
 f - a potion of haste {unknown}
 g - a potion of heal wounds {unknown}
 h - a potion of stabbing {unknown}
 k - a potion of lignification {unknown}
 m - a potion of resistance
Comestibles
 c - 8 rations


   Skills:
 + Level 5.8 Fighting
 + Level 7.0 Axes
 + Level 3.0 Armour
 + Level 3.9 Dodging
 - Level 0.5 Stealth


You had 5 spell levels left.
You didn't know any spells.
Your spell library was empty.

Dungeon Overview and Level Annotations

Branches:
Dungeon (4/15)             Temple (1/1) D:4

Altars:
Ashenzari
Dithmenos
Fedhas
Gozag
Hepliaklqana
Okawaru
Qazlal
Trog
Xom
The Shining One

Annotations:
D:4 1 transporter


Innate Abilities, Weirdness & Mutations

You reflexively headbutt those who attack you in melee.
You have a pair of horns on your head.


Message History

Found 3 scrolls labeled UXOTUN GYWUOLA.
You are starving!
Found a transporter.
Found a potion of resistance.
There is a transporter here.
You enter the transporter and appear at another place.
m - a potion of resistance You open the gate.
The fire bat closely misses you.
There is an open gate here.
Really walk into a travel-excluded area? [Y]es or [N]o only, please.
Really walk into a travel-excluded area?
You are engulfed in blazing flames.
The fire bat closely misses you.
You are engulfed in blazing flames.
* * * LOW HITPOINT WARNING * * *
The fire bat bites you.
* * * LOW HITPOINT WARNING * * *
You are engulfed in flames!
You die...

# #.# ##.##.# #.##.####.# #
##.# ##...#.# #.##.# #.# .#
##.####.....?# #.##.## #.#
#.###.## #....#######<##..# #.#
##.....########○.☼○○#.###.# #.#
.....###○°☼☼☼○#☼○.°○#.# #.# #.#
####...#°☼○°☼°#°°○○○#.###.###.#
#...#.○#.#.°°☼.$?#.........#
#..©#○☼©...○b@.)©#©..#######
##..#○☼#.#.☼○○.$)#..##
..###○☼○○○°#○○°☼○#### ##.
#○○°°°○#○○☼○○## #.
########○°○○○# #. #######


You could see a fire bat.

Vanquished Creatures
  Sigmund (D:2)
  A howler monkey (D:4)
  An iguana (D:4)
  4 worker ants (D:4)
  8 adders
  5 worms
  A dart slug (D:1)
  4 leopard geckos
  3 orcs
  7 giant cockroaches
  6 goblins
  12 hobgoblins
  A quokka (D:3)
  6 bats
  3 frilled lizards
  7 kobolds
  2 rats
72 creatures vanquished.

Notes
Turn   | Place    | Note
-------+----------+-------------------------------------------
     0 | D:1      | Erymatos the Minotaur Berserker began the quest for the
                  | Orb.
     0 | D:1      | Reached XP level 1. HP: 19/19 MP: 0/0
   208 | D:1      | Reached XP level 2. HP: 27/27 MP: 1/1
   246 | D:1      | Reached skill level 4 in Axes
   636 | D:1      | Reached XP level 3. HP: 33/33 MP: 2/2
  1369 | D:2      | Noticed Sigmund
  1391 | D:2      | Killed Sigmund
  1391 | D:2      | Reached skill level 5 in Fighting
  1391 | D:2      | Reached skill level 5 in Axes
  1391 | D:2      | Reached XP level 4. HP: 12/42 MP: 3/3
  1391 | D:2      | Reached XP level 5. HP: 13/48 MP: 4/4
  1725 | D:2      | Reached ** piety under Trog
  2493 | D:3      | Reached skill level 6 in Axes
  2716 | D:3      | Reached XP level 6. HP: 45/56 MP: 5/5
  3571 | D:4      | Found a staircase to the Ecumenical Temple.
  3592 | D:4      | Reached skill level 7 in Axes
  3595 | Temple   | Entered the Ecumenical Temple
  4026 | D:4      | Found a transporter.
  4037 | D:4      | Noticed a fire bat
  4204 | D:4      | Found a transporter.
  4217 | D:4      | Slain by a fire bat

Illustrated notes

Levels and vault maps discovered:
D:1:      minmay_arrival_open_corners, layout_basic
D:2:      layout_loops_ring, uniq_sigmund
D:3:      layout_rooms
D:4:      gammafunk_cloud_chamber, layout_loops_ring, led_sif_pool,
          overflow_temple_1_default, minmay_temple_entry_purple_smoke
Temple:   eino_wide_crystal_templ

Skill      XL: |  1  2  3  4  5  6 |
---------------+-------------------+-----
Axes           | 4 5 6 7 |  7.0
Fighting       | 4 5 |  5.8
Dodging        | 3 |  3.9
Armour         | 3 |  3.0
Stealth        | |  0.5

Action                   |  1- 3 |  4- 6 || total
-------------------------+-------+-------++-------
Melee: Hand axe          |    76 |   130 ||   206
       Headbutt          |    10 |    19 ||    29
Invok: Berserk           |     1 |     2 ||     3
  Eat: Chunk             |     1 |    10 ||    11
Armor: Animal skin       |    11 |     7 ||    18
Dodge: Dodged            |    52 |    87 ||   139
